Map: 애씨드 플랜트 - 래더

Players

GOStephano (Stephano)

  • Race: Zerg Zerg
  • League: Master
  • Spawn Location: 5:00

Zest - Winner!

  • Race: Protoss Protoss
  • League: Master
  • Spawn Location: 11:00

Event: HomeStory Cup XVII

VOD

Have the link to the VOD?

Description

Time

  • Played on: June 28, 2018, 9:48 a.m.
  • Length: 12:33

All games in this series

Show
View Real Time Build Order
Export as new Build Order

GOStephano Zerg 

Build Orders: Hatch First 

Get SALT Encoding   

  12  0:00  Drone  
  13  0:12  Overlord  
  13  0:17  Drone  
  14  0:31  Drone x2  
  16  0:48  Hatchery  
  15  0:51  Drone  
  15  0:55  Drone  
  17  0:58  Drone  
  18  1:09  Extractor  
  17  1:14  Spawning Pool  
  17  1:17  Drone  
  17  1:20  Drone  
  18  1:28  Drone  
  19  1:39  Drone  
  20  1:49  Drone  
  21  2:00  Overlord  
  21  2:01  Queen x2  
  21  2:02  Zergling x2  
  26  2:10  Drone  
  26  2:12  Metabolic Boost, Drone  
  28  2:21  Drone  
  28  2:22  Drone  
  30  2:34  Hatchery  
  29  2:40  Queen  
  29  2:43  Zergling x2  
  32  2:47  Overlord  
  32  2:50  Drone  
  33  2:54  Drone x2  
  33  2:57  Drone  
  36  3:04  Overlord  
  36  3:06  Drone  
  36  3:08  Drone x2  
  36  3:09  Drone  
  36  3:12  Drone  
  41  3:16  Drone x2  
  41  3:19  Drone  
  44  3:23  Overlord  
  44  3:28  Drone  
  44  3:33  Lair  
  44  3:34  Drone, Extractor  
  46  3:39  Drone  
  46  3:42  Drone x3  
  49  3:49  Drone x2  
  49  3:52  Roach Warren  
  49  3:53  Overlord  
  50  3:57  Overlord  
  50  4:05  Zergling x8  
  54  4:10  Zergling x6  
  57  4:18  Zergling x4  
  59  4:27  Spine Crawler x2  
  59  4:28  Spine Crawler  
  56  4:31  Roach  
  56  4:32  Roach x3  
  56  4:33  Roach  
  56  4:35  Glial Reconstitution  
  66  4:39  Roach  
  66  4:41  Roach  
  66  4:42  Roach  
  70  4:48  Roach  
  70  4:52  Roach  
  73  4:55  Zergling x10  
  76  5:05  Drone x7  
  81  5:10  Overseer  
  81  5:17  Roach  
  75  5:27  Roach x3  
  80  5:28  Overlord  
  80  5:30  Drone  
  80  5:31  Drone x2  
  79  5:37  Overlord  
  78  5:44  Overlord  
  78  5:46  Overlord  
  78  5:52  Roach x3  
  84  5:58  Spawning Pool, Roach  
  84  6:01  Roach  
  87  6:06  Roach  
  87  6:08  Extractor  
  87  6:13  Roach  
  87  6:20  Roach  
  87  6:24  Drone x8  
  93  6:33  Drone x3  
  93  6:38  Hydralisk Den  
  95  6:43  Drone x2  
  95  6:46  Extractor  
  96  6:48  Roach x3, Extractor  
  96  6:52  Drone x4  
  105  7:02  Drone x3  
  105  7:05  Extractor  
  107  7:14  Drone x6  
  113  7:16  Queen  
  113  7:17  Hatchery  
  113  7:22  Evolution Chamber  
  113  7:32  Drone  
  113  7:33  Overlord x2  
  113  7:34  Overlord  
  113  7:35  Muscular Augments  
  114  7:38  Overlord  
  114  7:40  Overlord  
  114  7:45  Overlord  
  114  7:46  Baneling Nest  
  113  7:51  Hydralisk x4, Zerg Melee Weapons Level 1  
  113  7:54  Hydralisk  
  113  7:56  Ravager x2  
  124  8:00  Zergling x6  
  124  8:09  Hydralisk x3  
  130  8:18  Roach x2  
  130  8:19  Zergling x8  
  129  8:21  Hydralisk  
  129  8:24  Hydralisk  
  125  8:29  Zergling x4  
  125  8:33  Hydralisk x2  
  118  8:38  Hydralisk x2  
  118  8:40  Zergling x4  
  122  8:46  Grooved Spines  
  122  8:50  Centrifical Hooks  
  122  8:53  Drone x5  
  122  8:54  Baneling x2  
  122  8:55  Baneling x4  
  127  9:00  Drone  
  128  9:08  Baneling x2  
  128  9:10  Hydralisk  
  128  9:11  Hydralisk  
  128  9:17  Hydralisk x2  
  132  9:19  Overseer, Hatchery  
  132  9:23  Hydralisk x2  
  139  9:34  Hydralisk x7  
  139  9:37  Overlord  
  150  9:56  Baneling x6  
  150  9:58  Zergling x2  
  150  9:59  Zergling x8  
  151  10:09  Hatchery  
  150  10:21  Hydralisk  
  150  10:24  Hydralisk  
  150  10:27  Hatchery  
  153  10:30  Hydralisk  
  155  10:40  Baneling x4  
  155  10:41  Overlord  
  155  10:47  Overlord  
  155  10:52  Overlord  
  154  10:58  Zergling x2  
  154  10:59  Zergling x2  
  154  11:00  Overlord  
  157  11:04  Zergling x8  
  161  11:12  Hatchery  
  161  11:15  Zergling x2  
  161  11:16  Zergling x6  
  161  11:18  Overseer  
  160  11:19  Pneumatized Carapace  
  158  11:27  Zergling x4  
  160  11:42  Zergling x8  
  164  11:55  Zergling x2  
  164  11:56  Zergling x2  
  164  11:59  Baneling x8  
  166  12:05  Hatchery  
  166  12:08  Ravager x9  
  174  12:09  Zergling x8  
Show
View Real Time Build Order
Export as new Build Order

Zest Protoss - Winner!

Build Orders: 1 Gate Expand, Archon Immortal, Zealot Archon, Archon Drop, Dark Templar Rush 

Get SALT Encoding   

  12  0:00  Probe  
  13  0:12  Probe  
  14  0:19  Pylon  
  14  0:25  Probe  
  15  0:33  Probe  
  15  0:39  Gateway  
  15  0:41  Probe  
  16  0:47  Assimilator  
  17  0:51  Probe  
  18  1:04  Probe  
  19  1:16  Probe  
  20  1:23  Nexus  
  20  1:32  Cybernetics Core  
  20  1:37  Probe  
  21  1:41  Assimilator  
  21  1:49  Probe  
  21  1:50  Pylon  
  22  2:00  Adept  
  23  2:01  Probe  
  23  2:13  Probe  
  26  2:17  Stalker  
  26  2:19  Warp Gate  
  26  2:25  Twilight Council  
  26  2:27  Probe  
  29  2:35  Probe  
  30  2:39  Probe  
  31  2:47  Probe, Charge  
  32  2:51  Probe  
  32  2:52  Robotics Facility  
  33  2:59  Probe  
  33  3:03  Probe  
  37  3:20  Gateway  
  37  3:21  Gateway  
  37  3:22  Gateway  
  35  3:28  Dark Shrine  
  35  3:29  Warp Prism  
  35  3:30  Probe  
  35  3:33  Probe  
  37  3:44  Probe  
  37  3:45  Probe  
  41  3:51  Pylon  
  41  3:55  Pylon  
  41  3:56  Warp Prism  
  41  4:04  Probe  
  45  4:12  Pylon  
  45  4:22  Zealot x3  
  45  4:23  Zealot  
  52  4:30  Assimilator x2, Probe  
  53  4:32  Probe  
  54  4:45  Zealot x4  
  60  5:03  Probe x2  
  54  5:07  Dark Templar x4  
  54  5:12  Pylon  
  62  5:16  Immortal  
  62  5:19  Probe x2  
  68  5:29  Forge  
  66  5:43  Probe  
  66  5:44  Probe  
  66  5:45  Pylon  
  66  5:46  Pylon  
  66  5:47  Immortal  
  66  5:48  Dark Templar  
  66  5:49  Dark Templar  
  72  5:51  Archon x2  
  72  5:52  Archon  
  72  5:54  Protoss Ground Weapons Level 1  
  76  6:05  Pylon  
  76  6:20  Immortal  
  76  6:24  Probe  
  76  6:25  Probe  
  78  6:33  Sentry x2  
  78  6:37  Sentry, Probe x2  
  86  6:50  Nexus  
  86  6:52  Observer, Pylon  
  86  6:56  Probe x2  
  89  7:05  Gateway x2  
  89  7:07  Immortal, Gateway, Zealot  
  89  7:08  Gateway  
  95  7:16  Probe  
  95  7:17  Probe  
  97  7:33  Probe x2  
  99  7:38  Pylon  
  99  7:39  Pylon  
  99  7:43  Dark Templar x4  
  107  7:46  Shield Battery  
  107  7:47  Immortal, Archon x2  
  107  8:21  Zealot x3  
  107  8:22  Zealot x5  
  117  8:34  Protoss Ground Weapons Level 2  
  117  8:52  Immortal  
  117  8:53  Probe x3  
  124  9:05  Probe x3  
  124  9:06  Pylon  
  124  9:08  Pylon x2  
  127  9:11  Assimilator  
  127  9:15  Assimilator, Zealot x7  
  141  9:22  Pylon  
  141  9:26  Immortal  
  141  9:28  Dark Templar  
  133  9:55  Immortal  
  133  10:01  Templar Archives  
  137  10:16  Shield Battery x2  
  137  10:18  Shield Battery  
  137  10:19  Shield Battery  
  137  10:21  Pylon  
  137  10:24  Psionic Storm  
  137  10:30  Immortal  
  137  10:32  Photon Cannon  
  137  10:33  Photon Cannon  
  137  10:34  Photon Cannon x2  
  141  10:48  High Templar x2  
  141  10:49  High Templar x4  
  151  10:57  Immortal  
  151  11:01  Sentry x2  
  149  11:29  Immortal, Zealot x5  
  149  11:30  Zealot x3  
  161  11:33  Nexus  
  161  11:36  Pylon  
  161  11:39  Pylon  
  161  11:46  Photon Cannon  
  165  11:48  Pylon  
  165  11:50  Shield Battery  
  165  11:59  High Templar x4  
  165  12:00  Zealot x4  
  181  12:03  Archon  
  181  12:04  Archon  
  175  12:28  Zealot x4  
Tags
 
Add a new tag
Caveats
  • Supply blocks, unpowered buildings, or Contaminate may cause inaccurate times.
  • Supply counts are checked every 10 seconds.